 Dungeon Crawl Stone Soup version 0.24-a0-222-g1ac5efaa63 (webtiles) character file.

Game seed: 3382321942111281077

40378 Redear the Blocker (level 14, -14/98 HPs)
             Began as an Octopode Warper on Mar 31, 2019.
             Was the Champion of Ru.
             Demolished by an ettin
             ... wielding a cursed -1 dire flail
              (32 damage)
             ... on level 1 of the Orcish Mines.
             The game lasted 04:21:14 (31040 turns).

Redear the Blocker (Octopode Warper)               Turns: 31040, Time: 04:21:15

Health: -14/98     AC: 10    Str: 11    XL:     14   Next: 10%
Magic:  0/33       EV: 18    Int: 28    God:    Ru [******]
Gold:   651        SH:  0    Dex: 12    Spells: 1/27 levels left

rFire    . . .     SeeInvis +   y - +10 whip of the Many Demons {slash, rElec rPois}
rCold    + . .     Gourm    .   (no shield)
rNeg     . . .     Faith    .   (helmet restricted)
rPois    +         Spirit   +   Y - amulet "Piohantoa" {Spirit +Fly MP+9 Str-5}
rElec    +         Reflect  .   C - ring of resist corrosion
rCorr    +         Harm     .   s - +4 ring of protection
MR       .....                  j - ring of Riamure {AC+5 Str+5 Int+2}
Stlth    ++++++....             S - ring of see invisible
HPRegen  0.26/turn              W - ring of wizardry {Wiz+}
MPRegen  0.23/turn              I - ring of protection from cold
                                U - ring of Juch {Int+2 Stlth+}
                                B - +5 ring of intelligence

@: exhausted, studying Shields, drained
A: almost no armour, stealthy swim, amphibious, 8 rings, constrict 8, camouflage
1, gelatinous body 1, inability to use devices, magic vulnerability 1, disrupted
magic 1, inexperienced 1
a: Draw Out Power, Power Leap, Apocalypse, Renounce Religion


You were on level 1 of the Orcish Mines.
You worshipped Ru.
Ru was exalted by your worship.
You were not hungry.

You visited 4 branches of the dungeon, and saw 20 of its levels.

You collected 1218 gold pieces.
You spent 567 gold pieces at shops.

Inventory:

Hand Weapons
 y - the +10 whip of the Many Demons (weapon) {slash, rElec rPois}
   (You found it on level 6 of the Lair of Beasts)

   It inflicts extra damage upon your enemies.
   It insulates you from electricity.
   It protects you from poison.
 J - a +6 eveningstar of draining
 T - a +2 scimitar of freezing
Missiles
 d - 4 tomahawks of dispersal
 o - 617 stones (quivered)
Armour
 Z - a +5 large shield of reflection {Reflect}
Jewellery
 i - an uncursed ring of resist corrosion
 j - the ring of Riamure (on tentacle) {AC+5 Str+5 Int+2}
   (You found it on level 6 of the Lair of Beasts)

   [ring of protection]

   It affects your AC (+5).
   It affects your strength (+5).
   It affects your intelligence (+2).
 l - a +3 ring of strength
 p - an uncursed ring of resist corrosion
 s - a +4 ring of protection (right tentacle)
 B - a +5 ring of intelligence (on tentacle)
 C - a ring of resist corrosion (left tentacle)
 I - a ring of protection from cold (on tentacle)
 N - an uncursed ring of positive energy {rN+}
 S - a ring of see invisible (on tentacle)
 U - the ring of Juch (on tentacle) {Int+2 Stlth+}
   (You found it on level 6 of the Lair of Beasts)

   [ring of stealth]

   It affects your intelligence (+2).
   It makes you more stealthy.
 V - a +4 amulet of reflection
 W - a ring of wizardry (on tentacle) {Wiz+}
 Y - the amulet "Piohantoa" (around mantle) {Spirit +Fly MP+9 Str-5}
   (You found it on level 6 of the Lair of Beasts)

   [amulet of guardian spirit]

   It causes incoming damage to be split between your health and magic.
   It affects your strength (-5).
   It affects your magic capacity (+9).
   It lets you fly.
Scrolls
 e - a scroll of fear
 m - a scroll of noise {!r}
 t - 6 scrolls of teleportation
 w - 3 scrolls of vulnerability {unknown}
 z - 2 scrolls of fog {unknown}
 D - 10 scrolls of remove curse
 E - a scroll of amnesia {unknown}
 G - 5 scrolls of magic mapping {!r}
 H - 2 scrolls of enchant armour
 M - 8 scrolls of immolation {!r}
 R - 3 scrolls of enchant weapon
Potions
 b - a potion of agility
 c - a potion of degeneration {unknown}
 h - 2 potions of flight
 n - a potion of mutation {unknown}
 q - 3 potions of resistance
 r - a potion of magic
 v - 2 potions of heal wounds
 x - 4 potions of curing
 A - 2 potions of might
 F - 2 potions of brilliance
 L - 3 potions of cancellation
 O - 2 potions of berserk rage {!q}
 P - a potion of haste
 X - 2 potions of lignification {unknown}
Books
 K - a manual of Shields {!d}
Comestibles
 f - 11 rations


   Skills:
 - Level 9.9(8.9) Fighting
 - Level 7.5(6.7) Long Blades
 - Level 5.0(4.1) Maces & Flails
 - Level 1.0(0.2) Throwing
 - Level 11.2(10.2) Dodging
 - Level 9.4(8.5) Stealth
 + Level 13.1(12.1) Shields
 - Level 7.2(6.3) Spellcasting
 - Level 4.6(3.8) Conjurations
 - Level 2.0(1.2) Charms
 - Level 5.7(4.8) Translocations
 - Level 4.6(3.7) Fire Magic


You had one spell level left.
You knew the following spells:

 Your Spells              Type           Power        Failure   Level  Hunger
a - Shroud of Golubria    Chrm/Tloc      ####......   1%          2    None
b - Blink                 Tloc           N/A          1%          2    None
c - Teleport Other        Tloc           #####...     1%          3    None
d - Lesser Beckoning      Tloc           #####.....   1%          3    None
e - Passage of Golubria   Tloc           N/A          4%          4    ###....
f - Conjure Flame         Conj/Fire      ####....     2%          3    None
g - Throw Flame           Conj/Fire      ####..       1%          2    None
s - Sticky Flame          Conj/Fire      ####....     7%          4    ###....
x - Mephitic Cloud        Conj/Pois/Air  ###.....     6%          3    None

Your spell library contained the following spells:

 Spells                   Type           Power        Failure   Level  Hunger
 Flame Tongue             Conj/Fire      ####.        1%          1    None
 Magic Dart               Conj           ####         1%          1    None
 Gell's Gravitas          Tloc           #####.....   1%          3    None
 Call Imp                 Summ           #.......     5%          2    None
 Slow                     Hex            #.......     5%          2    None
 Inner Flame              Hex/Fire       ###.....     5%          3    None
 Fireball                 Conj/Fire      ####......   19%         5    #####..


Dungeon Overview and Level Annotations

Branches:
Dungeon (12/15)            Temple (1/1) D:5            Lair (6/6) D:11
  Swamp (0/4) Lair:2        Snake (0/4) Lair:4        Slime (0/5) Lair:6
    Orc (1/2) D:10

Altars:
Ashenzari
Cheibriados
Dithmenos
Elyvilon
Fedhas
Gozag
Hepliaklqana
Kikubaaqudgha
Makhleb
Nemelex Xobeh
Okawaru
Qazlal
Ru
Sif Muna
Trog
Uskayaw
Vehumet
Wu Jian
Xom
Yredelemnul
Zin
The Shining One
Jiyva

Shops:
D:6 [   D:11 *[?!}

Annotations:
Lair:6 1 runed translucent door


Innate Abilities, Weirdness & Mutations

You cannot wear most types of armour.
You are very stealthy in the water. (Stealth+)
You are amphibious.
You can wear up to eight rings at the same time.
You can use your tentacles to constrict eight enemies at once.
Your skin changes colour to match your surroundings (Stealth+).
Your rubbery body absorbs attacks. (AC +1, EV +1)
You cannot study or use magical devices.
You are slightly vulnerable to magic. (MR-)
Your casting is slightly disrupted.
You are somewhat inexperienced. (-2 XL)


Message History

Aim: an ettin, wielding a -1 dire flail and a +0 dire flail (heavily wounded, confused)
The sticky flame hits the ettin but does no damage.
The ettin is covered in liquid flames!
* * * LOW MAGIC WARNING * * *
The ettin burns!
The ettin hits you with a cursed -1 dire flail.
The ettin hits you with a +0 dire flail!!!
* * * LOW MAGIC WARNING * * *;
* * * LOW HITPOINT WARNING * * *
You take 42 damage, and have 45/98 hp.
MASSIVE DAMAGE!!
You now have 5/33 mp.
Unknown command.
There are monsters nearby!
Unknown command.
The ettin seems less confused.
The ettin burns!
The ettin hits you with a cursed -1 dire flail!!
* * * LOW MAGIC WARNING * * *;
* * * LOW HITPOINT WARNING * * *
The ettin hits you with a +0 dire flail!!
* * * LOW MAGIC WARNING * * *
You die...

...........#.(....
..........#......
#.#.........>...
#......)......T
#.............. #
#.....[.$.o.... .
#..o...).>...#.
#.##..Co))........
##.#..@............
#........)..$......
##.#..<.).......#..
#..........#....#
##.#......#.......
###....####......
##....# ##....
###.## . ###


You could see an ettin (burning), an orc warrior and an orc.

Levels and vault maps discovered:
D:1:      dpeg_arrival_chambers_temple_mockup, layout_rooms
D:2:      kennysheep_the_goblin_king, layout_loops_corners, first_ration
D:3:      layout_basic, nicolae_overflow_crystal_walls,
          nemelex_dance_club_becter
D:4:      layout_basic, uniq_edmund
D:5:      layout_basic, temple_doors_e, gammafunk_ghost_nasty_kobolds,
          uniq_prince_ribbit1
D:6:      layout_basic, serial_shops, shop
D:7:      layout_basic, nicolae_overflow_hidden_temple,
          gammafunk_temple_overflow_wave
D:8:      layout_basic, lemuel_zombie_altar_kikubaaqudgha
D:9:      layout_irregular_city, grunt_temple_overflow_order_and_chaos_2,
          lemuel_doored_altar, gammafunk_ghost_spectres
D:10:     cheibrodos_grave_circle, layout_irregular_city, david_orc_1_choice,
          uniq_urug
D:11:     layout_basic, erik_lair_island, serial_shops, shop, shop,
          nicolae_shop_statue_plus, kennysheep_little_box, kennysheep_mini
D:12:     kennysheep_blocky_hall, layout_loops_corners
Temple:   eino_temple_water
Lair:1:   layout_cave_pods, patterned_corridor
Lair:2:   layout_chaotic_city, nicolae_swamp_entry_splash_gauntlet,
          chequers_serial_rivers_micro_c, lemuel_fruit_fields,
          minmay_lair_oklob_chamber, infiniplex_staircase_pool,
          lemuel_fruit_tree, serial_bayou_shore_b
Lair:3:   layout_hall_layers, nicolae_volcano_entry_two_sided,
          small_statue_intersection, nicolae_lair_grove_arrangements,
          grunt_forest_small_clearing_treed
Lair:4:   lemuel_slime, layout_layer_cave, minmay_snake_entry_six_corridors,
          chequers_serial_rivers_small_a, uniq_kirke, uniq_snorg
Lair:5:   layout_cave_pods
Lair:6:   minmay_lair_end_frog_pond, layout_cave_pods, slime_altar_2,
          basic_altar
Orc:1:    layout_caves, serial_shops, nicolae_shop_overgrown_old_shop

Notes
Turn   | Place    | Note
-------+----------+-------------------------------------------
     0 | D:1      | Redear the Octopode Warper began the quest for the Orb.
     0 | D:1      | Reached XP level 1. HP: 14/14 MP: 3/3
    95 | D:1      | Reached skill level 1 in Stealth
   125 | D:1      | Reached XP level 2. HP: 16/19 MP: 5/5
   208 | D:1      | Identified a +0 club
   439 | D:1      | Identified a +0 club
   462 | D:1      | Reached XP level 3. HP: 10/25 MP: 6/6
   464 | D:1      | Reached skill level 2 in Stealth
   465 | D:1      | HP: 6/25 [kobold (1)]
   476 | D:1      | Learned a level 2 spell: Shroud of Golubria
   479 | D:1      | Learned a level 2 spell: Blink
   862 | D:1      | Identified a +0 mace
   863 | D:1      | Identified a +0 club
   917 | D:1      | Identified a +0 whip
  1096 | D:2      | Reached skill level 1 in Charms
  1269 | D:2      | Reached XP level 4. HP: 23/30 MP: 7/7
  1282 | D:2      | Identified a +0 dagger
  1283 | D:2      | Identified a +0 hunting sling
  1283 | D:2      | Identified a +0 club
  1283 | D:2      | Identified a +0 hunting sling
  1293 | D:2      | Identified a +0 leather armour
  1293 | D:2      | Noticed Ijyb
  1306 | D:2      | Killed Ijyb
  1450 | D:2      | Reached skill level 2 in Charms
  1611 | D:2      | Identified a +0 dagger
  1614 | D:2      | Reached skill level 3 in Dodging
  1625 | D:2      | Reached XP level 5. HP: 29/35 MP: 8/8
  1804 | D:2      | Identified a +0 club
  1854 | D:2      | Identified a +0 dagger
  2018 | D:3      | Identified a +0 rapier (You found it on level 3 of the
                  | Dungeon)
  2142 | D:3      | Found a sparkling altar of Nemelex Xobeh.
  2144 | D:3      | Identified a +0 club
  2199 | D:3      | Identified a +0 short sword
  2324 | D:3      | Found a hazy altar of Hepliaklqana.
  2358 | D:3      | Identified a +0 club
  2449 | D:3      | Identified a +0 flail
  2467 | D:3      | Reached skill level 3 in Stealth
  2514 | D:3      | Reached skill level 3 in Fighting
  2786 | D:4      | Identified a +1 dire flail of draining
  2786 | D:4      | Identified a +0 scale mail
  2786 | D:4      | Noticed Edmund
  3033 | D:4      | Identified a +0 dagger
  3033 | D:4      | Identified a +0 robe
  3033 | D:4      | Identified a +0 short sword
  3036 | D:4      | Identified a +0 dagger
  3036 | D:4      | Identified a +0 robe
  3143 | D:4      | Reached XP level 6. HP: 33/42 MP: 9/9
  3430 | D:4      | Identified a +0 hand axe
  3430 | D:4      | Identified a +0 short sword
  3432 | D:4      | Identified a +0 short sword
  3432 | D:4      | Identified a +0 leather armour
  3439 | D:4      | Reached skill level 4 in Dodging
  3484 | D:4      | Identified a +0 short sword
  3731 | D:4      | Identified 3 potions of curing
  3732 | D:4      | Identified 2 potions of agility
  4024 | D:5      | Entered Level 5 of the Dungeon
  4074 | D:5      | Noticed a phantom
  4118 | D:5      | Identified a +0 club
  4118 | D:5      | Identified a +0 chain mail
  4128 | D:5      | Reached skill level 4 in Fighting
  4600 | D:5      | Found a staircase to the Ecumenical Temple.
  4642 | Temple   | Entered the Ecumenical Temple
  4864 | D:5      | Identified a +0 falchion
  4864 | D:5      | Identified a +0 leather armour
  4867 | D:5      | Identified a +0 club
  4867 | D:5      | Identified a +0 chain mail
  4879 | D:5      | Reached XP level 7. HP: 49/49 MP: 10/10
  5071 | D:5      | Identified a +0 hand axe
  5071 | D:5      | Identified a +0 chain mail
  5071 | D:5      | Reached skill level 5 in Dodging
  5073 | D:5      | Reached skill level 5 in Fighting
  5073 | D:5      | Noticed Prince Ribbit
  5078 | D:5      | Identified a +0 whip
  5080 | D:5      | Identified a +2 scimitar of freezing
  5082 | D:5      | Identified 8 scrolls of teleportation
  5083 | D:5      | Identified 7 scrolls of identify
  5083 | D:5      | Identified 2 potions of resistance
  5084 | D:5      | Identified a +0 flail
  5085 | D:5      | Identified a potion of heal wounds
  5086 | D:5      | Identified a potion of haste
  5087 | D:5      | Identified a potion of invisibility
  5088 | D:5      | Identified a potion of might
  5089 | D:5      | Identified a potion of cancellation
  5089 | D:5      | Identified a +0 morningstar
  5090 | D:5      | Identified 5 scrolls of remove curse
  5455 | D:5      | Identified a +0 club
  5740 | D:5      | Found a runed translucent gate.
  5740 | D:5      | Found a runed translucent gate.
  5740 | D:5      | Found a runed translucent gate.
  5740 | D:5      | Identified a +0 whip
  5740 | D:5      | Identified a +0 blowgun
  5740 | D:5      | Identified a +0 dagger
  5740 | D:5      | Identified a +0 whip
  5740 | D:5      | Noticed cirnu's ghost (novice DsCK)
  5740 | D:5      | Identified a +2 dagger of distortion
  5740 | D:5      | Identified a +3 whip of draining
  5740 | D:5      | Identified a +1 dagger of distortion
  5928 | D:6      | Reached XP level 8. HP: 47/57 MP: 11/11
  5935 | D:6      | Reached skill level 6 in Dodging
  6011 | D:6      | Identified a ring of resist corrosion (You found it on
                  | level 5 of the Dungeon)
  6012 | D:6      | Identified a ring of strength (You found it on level 6 of
                  | the Dungeon)
  6013 | D:6      | Identified a ring of positive energy (You found it on level
                  | 3 of the Dungeon)
  6018 | D:6      | Found Loamol's Armour Shoppe.
  6097 | D:6      | Identified a +0 dagger
  6097 | D:6      | Identified a +0 robe
  6299 | D:6      | Reached skill level 6 in Fighting
  6344 | D:6      | Identified a cursed +0 mace
  6344 | D:6      | Identified a +0 robe
  6371 | D:6      | Identified a +0 dagger
  6371 | D:6      | Identified a +0 robe
  6463 | D:6      | Identified an amulet of guardian spirit (You found it on
                  | level 6 of the Dungeon)
  6484 | D:7      | Identified a +0 shortbow
  6628 | D:7      | Noticed a troll
  6629 | D:7      | Learned a level 3 spell: Teleport Other
  6709 | D:7      | Reached skill level 4 in Translocations
  6788 | D:7      | Identified a +0 shortbow
  6903 | D:7      | Found a bloodstained altar of Trog.
  7230 | D:7      | Identified a +0 dagger
  7230 | D:7      | Identified a +0 robe
  7254 | D:7      | Reached skill level 7 in Dodging
  7296 | D:7      | Identified a ring of see invisible (You found it on level 7
                  | of the Dungeon)
  7335 | D:7      | Identified a +0 mace
  7335 | D:7      | Identified a +0 leather armour
  7335 | D:7      | Identified a +0 war axe
  7335 | D:7      | Identified a +0 flail
  7335 | D:7      | Identified a +0 ring mail
  7335 | D:7      | Identified a +0 short sword
  7335 | D:7      | Identified a +0 ring mail
  7455 | D:7      | Reached skill level 7 in Fighting
  7577 | D:7      | Found a sacrificial altar of Ru.
  7577 | D:7      | Found a blossoming altar of Fedhas.
  7583 | D:7      | Became a worshipper of Ru the Awakened
  7654 | D:7      | Killed a troll
  7654 | D:7      | Reached XP level 9. HP: 65/65 MP: 12/12
  7991 | D:8      | Identified a +0 flail
  8068 | D:8      | Found an ancient bone altar of Kikubaaqudgha.
  8100 | D:8      | Reached skill level 8 in Dodging
  8215 | D:8      | HP: 10/66 [wyvern zombie (13)]
  8216 | D:8      | Identified a +0 falchion
  8216 | D:8      | Identified a +0 halberd
  8216 | D:8      | Identified a +0 flail
  8216 | D:8      | Identified a +0 leather armour
  8216 | D:8      | Identified a +0 falchion
  8216 | D:8      | Identified a +0 ring mail
  8216 | D:8      | Identified a +0 club
  8550 | D:8      | Reached skill level 8 in Fighting
  8635 | D:8      | You fall through a shaft for 2 floors!
  8635 | D:10     | Entered Level 10 of the Dungeon
  8684 | D:10     | Identified a +0 giant club
  8684 | D:10     | Identified a +0 dire flail
  8684 | D:10     | Noticed a two-headed ogre
  8700 | D:10     | Killed a two-headed ogre
  8700 | D:10     | Reached skill level 9 in Fighting
  8700 | D:10     | Reached skill level 9 in Dodging
  8711 | D:10     | Identified a +0 mace
  8711 | D:10     | Noticed a gargoyle
  8824 | D:9      | Identified a +0 short sword
  8824 | D:9      | Identified a +0 plate armour
  8824 | D:9      | Identified a +0 dagger
  8824 | D:9      | Identified a +0 robe
  8824 | D:9      | Identified a +0 leather armour
  8937 | D:9      | Reached XP level 10. HP: 68/74 MP: 10/13
  8943 | D:9      | Learned a level 4 spell: Passage of Golubria
  9210 | D:9      | Identified a +0 shortbow
  9233 | D:9      | Found a runed translucent gate.
  9233 | D:9      | Found a runed translucent gate.
  9233 | D:9      | Found a runed translucent gate.
  9235 | D:9      | Noticed yrara's ghost (novice DsFi)
  9243 | D:9      | Gained mutation: You are slightly vulnerable to magic.
                  | (MR-) [Ru sacrifice]
  9243 | D:9      | Reached * piety under Ru
  9300 | D:9      | Identified a cursed -2 giant club
  9403 | D:9      | Reached skill level 10 in Dodging
  9677 | D:9      | Found a burning altar of Makhleb.
  9679 | D:9      | Found a glowing silver altar of Zin.
  9679 | D:9      | Identified a +3 whip of holy wrath
  9679 | D:9      | Identified a +0 robe
  9679 | D:9      | Noticed an angel
  9680 | D:9      | Identified a +3 demon whip of venom
  9680 | D:9      | Noticed a balrug
  9709 | D:9      | Found an opulent altar of Gozag.
  9918 | D:9      | Identified a +0 mace
 10302 | D:10     | Identified a +0 leather armour
 10302 | D:10     | Identified a +0 flail
 10302 | D:10     | Identified a +0 ring mail
 10302 | D:10     | Identified a +0 dagger
 10322 | D:10     | Found a staircase to the Orcish Mines.
 10335 | D:10     | Identified a +0 falchion
 10344 | D:10     | Reached skill level 3 in Spellcasting
 10346 | D:10     | Reached skill level 5 in Translocations
 10351 | D:10     | Identified a +0 dagger
 10382 | D:10     | Identified a +0 club
 10383 | D:10     | Identified a +0 glaive
 10383 | D:10     | Identified a +0 chain mail
 10413 | D:10     | Identified a +0 flail
 10413 | D:10     | Identified a +0 scale mail
 10424 | D:10     | Identified a +0 chain mail
 10609 | D:10     | Identified a +0 short sword
 10610 | D:10     | Identified a +0 blowgun
 10712 | D:10     | Identified a +0 giant spiked club
 10712 | D:10     | Identified a +0 giant club
 10712 | D:10     | Noticed a two-headed ogre
 10796 | D:10     | HP: 17/76 [hellwing (14)]
 11164 | D:10     | Identified a +6 eveningstar of draining
 11164 | D:10     | Identified a +0 ring mail
 11164 | D:10     | Noticed Urug
 11198 | D:10     | Identified a potion of berserk rage
 11199 | D:10     | Identified a potion of magic
 11199 | D:10     | Identified a +0 giant club
 11199 | D:10     | Identified a +0 giant club
 11199 | D:10     | Noticed a two-headed ogre
 11200 | D:10     | Identified 4 scrolls of magic mapping
 11351 | D:11     | Reached skill level 3 in Long Blades
 11354 | D:11     | Found Niuvat Niaso's Gadget Shoppe.
 11421 | D:11     | Found Lazxec's Distillery.
 11478 | D:11     | Found Rosit's Antique Armour Boutique.
 11482 | D:11     | Identified a +0 giant club
 11488 | D:11     | Reached skill level 4 in Long Blades
 11510 | D:11     | Reached skill level 5 in Long Blades
 11541 | D:11     | Identified 3 scrolls of immolation
 11542 | D:11     | Identified 2 scrolls of fear
 11602 | D:11     | Bought a runed large shield for 240 gold pieces
 11616 | D:11     | Identified a +2 large shield of reflection (You bought it
                  | in a shop on level 11 of the Dungeon)
 11658 | D:11     | Identified an amulet of reflection (You found it on level
                  | 10 of the Dungeon)
 11687 | D:11     | Reached skill level 1 in Shields
 11687 | D:11     | Reached XP level 11. HP: 81/81 MP: 16/16
 11702 | D:11     | Reached skill level 2 in Shields
 11778 | D:11     | Reached skill level 3 in Shields
 11867 | D:11     | Identified a +0 mace
 12134 | D:11     | Identified a +0 club
 12134 | D:11     | Identified a +0 dagger
 12134 | D:11     | Identified a +0 scale mail
 12134 | D:11     | Identified a cursed -2 dagger
 12135 | D:11     | Identified a +3 whip
 12135 | D:11     | Identified a cursed -3 blowgun
 12136 | D:11     | Identified a +3 whip
 12153 | D:11     | Identified a +0 dagger
 12154 | D:11     | Noticed a brown ugly thing
 12160 | D:10     | Redear: ??marl
 12160 | D:10     | beem: I don't have a page labeled marl in my learndb. Did
                  | you mean: mara, mark.
 12160 | D:10     | Redear: ??mark
 12160 | D:10     | beem: sentinel's mark[1/2]: Reveals your location to all
                  | awake monsters on the level while in effect, and makes them
                  | more able to pathfind towards you. Caused by vault
                  | sentinels, alarm traps, and Dithmenos wrath. {potion of
                  | cancellation} removes this!
 12164 | D:10     | HP: 17/81 [meliai zombie (4)]
 12577 | D:11     | Identified a +0 spear
 12577 | D:11     | Identified a +0 robe
 12707 | D:11     | Identified a +0 dagger
 12725 | D:11     | Reached skill level 4 in Shields
 12735 | D:11     | Identified a +0 dagger
 12735 | D:11     | Identified a +0 robe
 12742 | D:11     | Noticed a soul eater
 12787 | D:11     | Identified a +0 whip
 12811 | D:11     | Learned a level 3 spell: Lesser Beckoning
 12826 | D:11     | Found a staircase to the Lair.
 12843 | D:11     | Found Hefalita's Assorted Antiques.
 12849 | D:11     | Bought a shiny jade ring for 175 gold pieces
 12849 | D:11     | Bought a pink potion for 31 gold pieces
 12849 | D:11     | Bought a fizzy puce potion for 31 gold pieces
 13512 | D:11     | Killed a brown ugly thing
 13512 | D:11     | Reached skill level 5 in Shields
 13554 | D:11     | Gained mutation: You cannot study or use magical devices.
                  | [Ru sacrifice]
 13554 | D:11     | Reached ** piety under Ru
 13554 | D:11     | Reached *** piety under Ru
 13952 | D:11     | Identified a cursed +3 short sword
 13952 | D:11     | Identified a +0 robe
 13964 | D:11     | Identified a +0 spear
 13964 | D:11     | Identified a +0 robe
 14117 | D:11     | Identified a +1 falchion
 14117 | D:11     | Identified a cursed -2 robe
 14191 | D:11     | Found Rys Kac's Magic Scroll Shoppe.
 14196 | D:11     | Bought a scroll of identify for 30 gold pieces
 14196 | D:11     | Bought a scroll of identify for 30 gold pieces
 14196 | D:11     | Bought a scroll of identify for 30 gold pieces
 14197 | D:11     | Identified 2 scrolls of enchant weapon
 14198 | D:11     | Identified a scroll of noise
 14390 | D:12     | Noticed a purple ugly thing
 14517 | D:12     | Reached skill level 6 in Shields
 14595 | D:12     | Identified a +0 mace
 14630 | D:12     | Noticed a cyclops
 14903 | Lair:1   | Entered Level 1 of the Lair of Beasts
 15386 | Lair:1   | Reached skill level 7 in Shields
 15912 | Lair:1   | Identified a scroll of enchant armour
 15913 | Lair:1   | Identified a ring of protection from cold (You found it on
                  | level 1 of the Lair of Beasts)
 16002 | Lair:1   | Learned a level 3 spell: Conjure Flame
 16638 | Lair:2   | Reached skill level 1 in Conjurations
 16638 | Lair:2   | Reached skill level 1 in Fire Magic
 16939 | Lair:2   | Noticed an oklob plant
 16939 | Lair:2   | Noticed an oklob plant
 17013 | Lair:2   | Reached skill level 2 in Conjurations
 17019 | Lair:2   | Reached skill level 2 in Fire Magic
 17033 | Lair:2   | HP: 18/81 [yak (15)]
 17043 | Lair:2   | HP: 18/81 [yak (5)]
 17050 | Lair:2   | HP: 20/81 [yak (15)]
 17069 | Lair:2   | HP: 9/81 [yak (15)]
 17088 | Lair:1   | Reached skill level 3 in Conjurations
 17088 | Lair:1   | Reached skill level 3 in Fire Magic
 17419 | Lair:2   | HP: 20/81 [spiny frog (24)]
 17428 | Lair:2   | Redear: @??spany frog
 17428 | Lair:2   | beem: unknown monster: "spany frog"
 17428 | Lair:2   | Redear: @??a spany frog
 17428 | Lair:2   | beem: unknown monster: "a spany frog"
 17428 | Lair:2   | Redear: @??a spiny frog
 17428 | Lair:2   | beem: unknown monster: "a spiny frog"
 17428 | Lair:2   | Redear: @??spiny frog
 17428 | Lair:2   | beem: spiny frog (F)
                  | Spd: 12 (swim: 60%)
                  | HD:
     7 | HP:      | 30-45
                  | AC/EV: 6/9
                  | Dam: 26(poison:14-28)
                  | amphibious,
                  | cold-blooded
                  | Res: magic(20), poison, drown
                  | Chunks:
                  | noxious
                  | XP:
   408 | Sz: Medium | Int: animal.
 17440 | Lair:2   | HP: 20/81 [poisoned by a spiny frog]
 17446 | Lair:2   | HP: 18/81 [poisoned by a spiny frog]
 17452 | Lair:2   | HP: 18/81 [poisoned by a spiny frog]
 17460 | Lair:2   | HP: 18/81 [poisoned by a spiny frog]
 18003 | Lair:2   | Gained mutation: You are somewhat inexperienced. (-2 XL)
                  | [Ru sacrifice]
 18003 | Lair:2   | Reached XP level 10. HP: 76/76 MP: 15/15
 18003 | Lair:2   | Reached XP level 9. HP: 70/70 MP: 14/14
 18003 | Lair:2   | Reached **** piety under Ru
 18003 | Lair:2   | Reached ***** piety under Ru
 18032 | Lair:2   | Killed a spiny frog
 18182 | Lair:3   | Noticed a komodo dragon
 18244 | Lair:3   | Noticed a spiny frog
 18252 | Lair:3   | Reached XP level 10. HP: 76/76 MP: 15/15
 18259 | Lair:3   | Killed a spiny frog
 18265 | Lair:3   | Reached skill level 4 in Conjurations
 18265 | Lair:3   | Reached skill level 4 in Fire Magic
 18356 | Lair:3   | Noticed a spiny frog
 18432 | Lair:3   | Identified a cursed -3 blowgun (You found it on level 3 of
                  | the Lair of Beasts)
 18532 | Lair:3   | Noticed a spiny frog
 18536 | Lair:3   | Killed a spiny frog
 18536 | Lair:3   | Reached skill level 4 in Spellcasting
 18569 | Lair:3   | Found a dark tunnel.
 18581 | Lair:3   | Identified a ring of protection (You found it on level 3 of
                  | the Lair of Beasts)
 18749 | Lair:3   | Killed a spiny frog
 19100 | Lair:4   | Noticed a black mamba
 19161 | Lair:4   | Found a staircase to the Snake Pit.
 19162 | Lair:4   | Noticed a black mamba
 19171 | Lair:4   | Killed a black mamba
 19171 | Lair:4   | Reached skill level 5 in Spellcasting
 19347 | Lair:4   | Reached skill level 6 in Spellcasting
 19347 | Lair:4   | Reached XP level 11. HP: 60/81 MP: 12/20
 19353 | Lair:4   | Learned a level 4 spell: Sticky Flame
 19534 | Lair:4   | Noticed Kirke
 19541 | Lair:4   | Reached skill level 7 in Spellcasting
 19545 | Lair:4   | Killed Kirke
 19552 | Lair:4   | Noticed Snorg
 19555 | Lair:4   | Reached skill level 6 in Long Blades
 19558 | Lair:4   | Reached skill level 8 in Shields
 20128 | Lair:3   | Gained mutation: Your casting is slightly disrupted. [Ru
                  | sacrifice]
 20128 | Lair:3   | Reached ****** piety under Ru
 20168 | Lair:3   | Learned a level 3 spell: Mephitic Cloud
 20465 | Lair:4   | Killed Snorg
 20566 | Lair:4   | Noticed an oklob plant
 20614 | Lair:4   | Reached XP level 12. HP: 51/87 MP: 19/22
 20614 | Lair:4   | Reached skill level 7 in Long Blades
 20615 | Lair:4   | Reached skill level 11 in Dodging
 21448 | Lair:5   | Reached skill level 9 in Shields
 22572 | Lair:6   | Entered Level 6 of the Lair of Beasts
 22572 | Lair:6   | Noticed a death yak
 22572 | Lair:6   | Noticed a death yak
 22599 | Lair:6   | Noticed an eight-headed hydra
 22678 | Lair:5   | Killed a death yak
 22799 | Lair:6   | Noticed a death yak
 22823 | Lair:5   | Killed a death yak
 22980 | Lair:5   | Killed a death yak
 22980 | Lair:5   | Reached skill level 4 in Stealth
 22980 | Lair:5   | Reached skill level 10 in Shields
 23463 | Lair:5   | Reached skill level 5 in Stealth
 23816 | Lair:6   | Got an iridescent whip
 23817 | Lair:6   | Found a viscous altar of Jiyva.
 23818 | Lair:6   | Found a runed translucent door.
 23818 | Lair:6   | Noticed an acid blob
 23818 | Lair:6   | Noticed an acid blob
 23824 | Lair:6   | Identified the +10 whip of the Many Demons {slash, rElec
                  | rPois} (You found it on level 6 of the Lair of Beasts)
 23845 | Lair:6   | Reached skill level 6 in Stealth
 23845 | Lair:6   | Reached XP level 13. HP: 56/92 MP: 14/23
 23845 | Lair:6   | Noticed an acid blob
 23873 | Lair:5   | Reached skill level 7 in Stealth
 24068 | Lair:6   | Found a staircase to the Slime Pits.
 24096 | Lair:6   | HP: 17/92 [eight-headed hydra (11)]
 24553 | Lair:5   | Identified a +4 falchion (You found it on level 6 of the
                  | Lair of Beasts)
 24944 | Lair:6   | Reached skill level 8 in Stealth
 24961 | Lair:6   | Found a bloodstained altar of Trog.
 24983 | Lair:6   | Reached skill level 11 in Shields
 25000 | Lair:6   | Identified a ring of intelligence (You found it on level 6
                  | of the Lair of Beasts)
 25286 | Lair:6   | HP: 11/92 [seven-headed hydra (13)]
 25686 | Lair:5   | Learned a level 2 spell: Throw Flame
 26094 | Lair:6   | Reached skill level 9 in Stealth
 26108 | Lair:6   | Got a warped brass ring
 26131 | Lair:6   | Got a scintillating emerald amulet
 26147 | Lair:6   | Got a smoking steel ring
 26428 | Lair:6   | Identified 2 potions of flight
 26430 | Lair:6   | Identified the amulet "Piohantoa" {Spirit +Fly MP+9 Str-5}
                  | (You found it on level 6 of the Lair of Beasts)
 26433 | Lair:6   | Identified the ring of Riamure {AC+5 Str+5 Int+2} (You
                  | found it on level 6 of the Lair of Beasts)
 26435 | Lair:6   | Identified the ring of Juch {Int+2 Stlth+} (You found it on
                  | level 6 of the Lair of Beasts)
 26672 | Lair:6   | Reached skill level 1 in Maces & Flails
 26849 | Lair:6   | Reached skill level 2 in Maces & Flails
 27007 | Lair:6   | Reached skill level 3 in Maces & Flails
 27153 | Lair:6   | Reached skill level 4 in Maces & Flails
 27845 | Lair:2   | Found a staircase to the Swamp.
 27852 | Lair:2   | Reached skill level 5 in Maces & Flails
 28735 | D:10     | Reached skill level 12 in Shields
 29037 | D:10     | Killed Urug
 29722 | D:9      | Reached XP level 14. HP: 72/98 MP: 24/24
 30123 | D:9      | Killed yrara's ghost
 30263 | D:5      | Killed Prince Ribbit
 30322 | D:5      | Identified a +2 long sword of electrocution (You found it
                  | on level 6 of the Lair of Beasts)
 30323 | D:5      | Identified a +2 mace of draining (You found it on level 12
                  | of the Dungeon)
 30324 | D:5      | Identified a +2 morningstar of crushing (You found it on
                  | level 9 of the Dungeon)
 30611 | D:5      | Killed cirnu's ghost
 30802 | D:4      | Killed Edmund
 30961 | Orc:1    | Entered Level 1 of the Orcish Mines
 30973 | Orc:1    | Identified a +0 club
 30975 | Orc:1    | Identified a +0 dagger
 30975 | Orc:1    | Identified a +0 robe
 30976 | Orc:1    | Identified a +0 morningstar
 30976 | Orc:1    | Identified a +0 dire flail
 30976 | Orc:1    | Identified a cursed -2 plate armour
 30991 | Orc:1    | Reached skill level 13 in Shields
 30995 | Orc:1    | Identified a +0 dagger
 30995 | Orc:1    | Identified a +0 ring mail
 30996 | Orc:1    | Identified a +0 hand axe
 31000 | Orc:1    | Identified a +2 flail of holy wrath
 31000 | Orc:1    | Identified a +0 leather armour
 31006 | Orc:1    | Identified a cursed -1 dire flail
 31006 | Orc:1    | Identified a +0 dire flail
 31008 | Orc:1    | Identified a +0 troll leather armour
 31031 | Orc:1    | Identified a +0 hand axe
 31031 | Orc:1    | Identified a cursed +0 chain mail
 31032 | Orc:1    | Identified a +0 short sword
 31032 | Orc:1    | Identified a +0 ring mail
 31040 | Orc:1    | HP: 18/98 [ettin/cursed -1 dire flail (28)]
 31040 | Orc:1    | Demolished by an ettin

Table legend:
 A = Turns spent in this place as a percentage of turns spent in the entire game.
 B = Non-inter-level travel turns spent in this place as a percentage of non-inter-level travel turns spent in the entire game.
 C = Inter-level travel turns spent in this place as a percentage of turns spent in this place.
 D = Turns resting spent in this place as a percentage of non-inter-level travel turns spent in this place.
 E = Turns spent auto-exploring this place as a percentage of non-inter-level travel turns spent in this place.
 F = Non-inter-level travel turns spent in this place divided by the number of levels of this place that you've seen.
                   A       B       C       D       E      F
               +-------+-------+-------+-------+-------+----------------------
         Total | 100.0 | 100.0 |   6.5 |  34.2 |  29.1 | 1450.8
       Dungeon |  57.3 |  57.4 |   6.3 |  32.8 |  31.8 | 1389.0
        Temple |   0.6 |   0.6 |   7.7 |   0.0 |  56.7 | 180.0
          Lair |  41.8 |  41.7 |   6.8 |  36.8 |  25.3 | 2014.7
  Orcish Mines |   0.3 |   0.3 |   0.0 |   0.0 |   2.5 |  79.0
               +-------+-------+-------+-------+-------+----------------------

Table legend:
 A = Kills in this place as a percentage of kills in entire the game.
 B = Kills by you in this place as a percentage of kills by you in the entire game.
 C = Kills by friends in this place as a percentage of kills by friends in the entire game.
 D = Other kills in this place as a percentage of other kills in the entire game.
 E = Experience gained in this place as a percentage of experience gained in the entire game.
 F = Experience gained in this place divided by the number of levels of this place that you have seen.
                   A       B       C       D       E      F
               +-------+-------+-------+-------+-------+----------------------
         Total | 100.0 | 100.0 |   N/A | 100.0 | 100.0 | 3502.2
       Dungeon |  59.1 |  59.6 |   N/A |  25.0 |  29.3 | 1708.2
          Lair |  39.0 |  38.6 |   N/A |  62.5 |  69.5 | 8114.7
  Orcish Mines |   1.9 |   1.7 |   N/A |  12.5 |   1.2 | 858.0
               +-------+-------+-------+-------+-------+----------------------

Skill      XL: |  1  2  3  4  5  6  7  8  9 10 11 12 13 14 |
---------------+-------------------------------------------+-----
Stealth        | 1 2 3 6 9 |  9.4
Charms         | 1 2 |  2.0
Dodging        | 3 4 5 7 9 10 11 | 11.2
Fighting       | 3 4 5 7 9 |  9.9
Translocations | 4 5 |  5.7
Spellcasting   | 6 7 |  7.2
Long Blades    | 5 6 7 |  7.5
Shields        | 1 8 10 12 13 | 13.1
Conjurations   | 4 3 |  4.6
Fire Magic     | 4 3 |  4.6
Maces & Flails | 5 |  5.0
Throwing       | |  1.0

Action                   |  1- 3 |  4- 6 |  7- 9 | 10-12 | 13-15 || total
-------------------------+-------+-------+-------+-------+-------++-------
Melee: Falchion          |    93 |    43 |       |       |       ||   136
       Constrict         |    31 |    37 |    52 |   125 |    45 ||   290
       Tentacles         |    12 |    24 |    48 |   146 |    64 ||   294
       Rapier            |       |   106 |    87 |       |       ||   193
       Scimitar          |       |       |   124 |   659 |       ||   783
       Whip              |       |       |       |     6 |   396 ||   402
       Eveningstar       |       |       |       |       |     6 ||     6
 Fire: Hunting sling     |       |       |     2 |    62 |       ||    64
       Blowgun           |       |       |       |   101 |       ||   101
Throw: Stone             |    11 |     8 |     4 |    48 |    21 ||    92
       Tomahawk          |     1 |       |       |       |       ||     1
 Cast: Shroud of Golubri |       |     3 |    14 |     3 |    13 ||    33
       Blink             |       |     1 |    12 |    62 |    22 ||    97
       Teleport Other    |       |       |    11 |     9 |     1 ||    21
       Conjure Flame     |       |       |       |    41 |    17 ||    58
       Passage of Golubr |       |       |       |     3 |       ||     3
       Mephitic Cloud    |       |       |       |     5 |    13 ||    18
       Sticky Flame      |       |       |       |     8 |    19 ||    27
       Throw Flame       |       |       |       |       |    95 ||    95
Invok: Apocalypse        |       |       |     1 |     3 |     2 ||     6
       Sacrifice Experie |       |       |     1 |       |       ||     1
       Draw Out Power    |       |       |       |     4 |     2 ||     6
       Sacrifice Essence |       |       |       |     2 |       ||     2
       Sacrifice Artific |       |       |       |     1 |       ||     1
       Power Leap        |       |       |       |     1 |     2 ||     3
Evoke: Wand              |       |     2 |    11 |     6 |       ||    19
  Use: Potion            |       |     4 |     3 |    13 |       ||    20
       Scroll            |       |       |    12 |    23 |     7 ||    42
 Stab: Sleeping          |     9 |    14 |    12 |    12 |     4 ||    51
       Paralysed         |       |       |    12 |     7 |     8 ||    27
       Invisible         |       |       |       |     4 |     4 ||     8
       Distracted        |       |       |       |     4 |     5 ||     9
       Confused          |       |       |       |     1 |    10 ||    11
  Eat: Chunk             |     1 |    10 |     8 |    32 |     9 ||    60
       Ration            |       |     1 |     2 |     7 |     5 ||    15
Armor: Skin              |    11 |     8 |    10 |    31 |    67 ||   127
Dodge: Dodged            |    71 |    93 |   168 |   595 |   306 ||  1233
Block: Other             |       |       |       |    79 |    22 ||   101
       Reflection        |       |       |       |     1 |       ||     1
       Rpst.: Falchion   |    24 |    10 |       |       |       ||    34
       Scimitar          |       |       |    31 |   175 |       ||   206

Vanquished Creatures
  Kirke (Lair:4)
  Snorg (Lair:4)
  4 hydras (Lair:6)
  3 two-headed ogres (D:10)
  The ghost of yrara the Cleaver, a novice DsFi of Gozag (D:9)
  3 death yaks (Lair:5)
  Urug (D:10)
  3 oklob plants
  An ugly thing (D:11)
  4 centaur zombies
  4 black mambas
  The ghost of cirnu the Slasher, a novice DsCK of Gozag (D:5)
  6 elephants (Lair:4)
  23 spiny frogs
  A centaur skeleton (D:11)
  A kobold demonologist (D:11)
  A gargoyle (D:10)
  2 rime drakes
  3 komodo dragons
  2 hellwings (D:10)
  Prince Ribbit (D:5)
  3 trolls
  A harpy zombie (D:10)
  4 tyrant leeches (Lair:6)
  16 blink frogs
  5 hippogriffs
  2 meliai zombies (D:10)
  A bog body (Lair:2)
  A shadow (D:9)
  26 yaks
  2 hungry ghosts (D:12)
  5 wraiths (D:9)
  3 basilisks
  7 hogs (Lair:4)
  6 vampire mosquitoes
  2 wargs (Orc:1)
  2 swamp worms (Lair:2)
  15 water moccasins
  Edmund (D:4)
  3 orc warriors
  4 porcupines
  An ice beast (D:11)
  A phantom (D:5)
  2 sky beasts
  A hornet zombie (D:8)
  2 ogres
  A necrophage (D:9)
  14 wolves
  3 centaurs
  12 crocodiles
  4 big kobolds
  24 bullfrogs
  A wyvern zombie (D:8)
  3 scorpions
  A water moccasin skeleton (D:6)
  3 killer bees (D:5)
  7 wights
  7 electric eels
  7 howler monkeys
  6 crimson imps
  A quasit (D:10)
  10 orc priests
  12 jellies
  2 bullfrog skeletons
  7 hounds
  5 orc wizards
  Ijyb (D:2)
  2 iguanas
  9 worker ants
  A killer bee zombie (D:6)
  A hound zombie (D:8)
  A hound skeleton (D:6)
  19 adders
  5 shadow imps (D:10)
  13 oozes
  An adder zombie (D:5)
  An adder skeleton (D:9)
  4 worms
  10 leopard geckos
  33 orcs
  A bat zombie (D:8)
  6 giant cockroaches
  11 goblins
  6 hobgoblins
  20 jackals
  31 kobolds
  2 ball pythons
  5 bats
  8 frilled lizards
  A leopard gecko zombie (D:6)
  A quokka skeleton (D:4)
  7 rats
  4 rat zombies (D:8)
  3 fungi
  10 plants
530 creatures vanquished.

Vanquished Creatures (others)
  A spiny frog (Lair:2)
  A troll (Orc:1)
  A blink frog (Lair:5)
  A yak (Lair:5)
  A water moccasin (Lair:6)
  A big kobold (D:5)
  A jelly (Lair:4)
  A bush (Lair:6)
  25 fungi
  45 plants
78 creatures vanquished.

Grand Total: 608 creatures vanquished
